 Dungeon Crawl Stone Soup version 0.29-a0-1023-g6ae1a4a2c7 (webtiles) character file.

Game seed: 9507509679307600279

375 nickcage the Spear-Bearer (level 6, 0/44 HPs)
             Began as a Merfolk Gladiator on Aug 11, 2022.
             Was an Initiate of Qazlal.
             Slain by Duvessa
             ... wielding a +0 rapier
              (12 damage)
             ... on level 4 of the Dungeon.
             The game lasted 00:08:57 (3786 turns).

nickcage the Spear-Bearer (Merfolk Gladiator)       Turns: 3786, Time: 00:08:58

Health: 0/44       AC:  7    Str: 25    XL:     6   Next: 72%
Magic:  6/6        EV: 12    Int:  7    God:    Qazlal [......]
Gold:   190        SH:  0    Dex: 16    Spells: 5/5 levels left

rFire   + + .      SeeInvis .   a - +1 trident (venom)
rCold   . . .      Faith    .   q - orb {light}
rNeg    . . .      Spirit   .   k - +0 scale mail
rPois   .          Reflect  .   u - +1 hat of Forking Paths {rF+ Str+3}
rElec   .          Harm     .   (no cloak)
rCorr   .          Rampage  .   (no gloves)
Will    .....                   (no boots)
Stlth   ..........              (no amulet)
HPRegen 0.14/turn               j - ring of protection from fire
MPRegen 0.10/turn               s - +6 ring of strength

@: glowing
A: (nimble swimmer 2), mertail
a: Renounce Religion


You were on level 4 of the Dungeon.
You worshipped Qazlal.
Qazlal was noncommittal.
You visited 2 branches of the dungeon, and saw 5 of its levels.

You collected 190 gold pieces.

Inventory:

Hand Weapons
 a - a +1 trident of venom (weapon)
Missiles
 d - 3 throwing nets (quivered)
Armour
 b - a +0 leather armour
 c - a +1 helmet
 k - a +0 scale mail (worn)
 l - a +0 ring mail
 q - an orb of light (worn)
 u - the +1 hat of Forking Paths (worn) {rF+ Str+3}
   (You found it on level 4 of the Dungeon)

   Str:       It affects your strength (+3).
   rF:        It protects you from fire.
Jewellery
 i - a ring of flight
 j - a ring of protection from fire (left hand)
 s - a +6 ring of strength (right hand)
Scrolls
 r - a scroll of identify
 v - a scroll of noise {unknown}
Potions
 f - a potion of berserk rage
 g - 2 potions of haste
 h - a potion of magic
 m - 2 potions of invisibility {unknown}
 n - a potion of brilliance {unknown}
 o - 2 potions of lignification
 p - a potion of flight {unknown}
 t - a potion of heal wounds {unknown}


   Skills:
 - Level 2.1 Fighting
 + Level 9.6 Polearms
 - Level 2.0 Throwing
 - Level 4.0 Dodging


You had 5 spell levels left.
You didn't know any spells.
Your spell library contained the following spells:

 Spells                   Type           Power      Damage    Failure   Level
 Apportation              Tloc           0%         N/A       75%         1
 Magic Dart               Conj           0%         1d3       75%         1
 Call Imp                 Summ           0%         N/A       86%         2
 Mephitic Cloud           Conj/Pois/Air  0%         N/A       98%         3
 Alistair's Intoxication  Tmut/Pois      0%         N/A       100%        5


Dungeon Overview and Level Annotations

Branches:
Dungeon (4/15)             Temple (1/1) D:4

Altars:
Dithmenos
Elyvilon
Fedhas
Hepliaklqana
Makhleb
Nemelex Xobeh
Qazlal
Ru
Sif Muna
Uskayaw
Zin
The Shining One

Annotations:
D:3 Ijyb
D:4 Duvessa


Innate Abilities, Weirdness & Mutations

((You are very nimble when in or above water. (Stealth+, EV+, Speed+++)))
Your lower body shifts to a powerful aquatic tail in water.


Message History

You reach to attack!
You barely miss Dowan. You hit Dowan.
Dowan is poisoned.
Dowan is lightly wounded.
Dowan hits you with a +1 dagger of protection.
You hit Dowan.
Dowan looks as sick as possible!
Dowan is heavily wounded.
Dowan closely misses you.
You hit Dowan.
Dowan looks as sick as possible!
Dowan is almost dead.
You kill Dowan!
Qazlal accepts your kill.
You hear a distant scream of rage.
No target in view!
No target in view!
Duvessa, Sister of Dowan comes into view.
She is wielding a +0 rapier and wearing a +3 leather armour of cold resistance.
Duvessa goes berserk!
Things that are here:
a +1 dagger of protection; a +0 robe; the elf corpse of Dowan You throw a javelin.
The javelin pierces through Duvessa but does no damage.
You puncture Duvessa!
Duvessa is lightly wounded.
Duvessa hits you with a +0 rapier. Duvessa barely misses you.
You puncture Duvessa!
Duvessa is poisoned.
Duvessa is moderately wounded.
Duvessa hits you with a +0 rapier!
You hit Duvessa.
Duvessa looks as sick as possible!
Duvessa is moderately wounded.
Duvessa hits you with a +0 rapier.
You are too injured to fight recklessly!
Duvessa hits you with a +0 rapier!
* * * LOW HITPOINT WARNING * * *
Duvessa closely misses you. Duvessa attacks as you move away!
Duvessa misses you. Duvessa barely misses you.
Duvessa rages.
You puncture Duvessa!
Duvessa looks as sick as possible!
Duvessa is almost dead.
Duvessa hits you with a +0 rapier!
You die...

####
...###############
.................#
##...###########.#
#.....# #@#
.....## #e# ###.##
#.# #.# #####.###
#.# #......$#
##+## #.###.#.#
##(..## #)#.#
......## #.# #
.......## #.#


You could see Duvessa (berserk, extremely poisoned).

Vanquished Creatures
  A black bear (D:4)
  Dowan (D:4)
  An orc priest (D:4)
  A hound (D:4)
  A jelly (D:4)
  2 orc wizards (D:4)
  An adder (D:4)
  An ufetubus (D:4)
  5 worms
  2 orcs (D:4)
  An endoplasm (D:1)
  5 giant cockroaches
  9 goblins
  9 hobgoblins
  5 quokkas
  6 ball pythons
  4 bats
  6 frilled lizards
  8 kobolds
  7 rats
76 creatures vanquished.

Notes
Turn   | Place    | Note
-------+----------+-------------------------------------------
     0 | D:1      | nickcage the Merfolk Gladiator began the quest for the Orb.
     0 | D:1      | Reached XP level 1. HP: 16/16 MP: 1/1
   140 | D:1      | Reached XP level 2. HP: 22/22 MP: 2/2
   323 | D:1      | Reached skill level 5 in Polearms
   648 | D:1      | Found a faded altar of an unknown god.
   932 | D:2      | Reached XP level 3. HP: 15/27 MP: 3/3
  1633 | D:2      | Reached skill level 6 in Polearms
  1807 | D:3      | Found a glowing golden altar of the Shining One.
  1808 | D:3      | Found a burning altar of Makhleb.
  1808 | D:3      | Noticed Ijyb
  1938 | D:3      | Found a white marble altar of Elyvilon.
  1977 | D:3      | Reached XP level 4. HP: 33/33 MP: 4/4
  2699 | D:4      | Noticed a black bear
  2706 | D:4      | Killed a black bear
  2707 | D:4      | Reached skill level 7 in Polearms
  2707 | D:4      | Reached XP level 5. HP: 29/38 MP: 5/5
  2876 | D:4      | Reached skill level 8 in Polearms
  2927 | D:4      | Found a staircase to the Ecumenical Temple.
  2938 | Temple   | Entered the Ecumenical Temple
  2982 | Temple   | Became a worshipper of Qazlal Stormbringer
  3139 | D:4      | Reached XP level 6. HP: 42/44 MP: 6/6
  3160 | D:4      | Reached skill level 9 in Polearms
  3251 | D:4      | Found a blossoming altar of Fedhas.
  3339 | D:4      | Identified the +1 hat of Forking Paths {rF+ Str+3}
  3767 | D:4      | Noticed Dowan
  3773 | D:4      | Killed Dowan
  3774 | D:4      | Noticed Duvessa
  3786 | D:4      | Slain by Duvessa

Illustrated notes

Levels and vault maps discovered:
D:1:      matt_arrival_los_fun, layout_basic,
          dreamdust_ecumenical_altar_hidden_monk_grotto
D:2:      layout_loops_cross, minmay_octomino_j4
D:3:      layout_loops_cross, nicolae_overflow_hidden_temple, elyvilon_altar_1,
          kennysheep_cross_bottleneck, minivault_5, uniq_ijyb
D:4:      layout_loops_corners, mainiacjoe_overflow_alcove_1,
          lemuel_round_altar, minmay_temple_entry_tees, minmay_goblin_outpost,
          uniq_duvessa
Temple:   nicolae_temple_ecumenical_triangle

Skill      XL: |  1  2  3  4  5  6 |
---------------+-------------------+-----
Polearms       | 5 6 7 8 9 |  9.6
Fighting       | |  2.1
Throwing       | |  2.0
Dodging        | |  4.0

Action                   |  1- 3 |  4- 6 || total
-------------------------+-------+-------++-------
Melee: Trident           |   146 |    73 ||   219
       Punch             |     1 |       ||     1
Throw: Javelin           |       |     2 ||     2
  Use: Scroll            |    10 |     2 ||    12
Armor: Leather armour    |     8 |       ||     8
       Ring mail         |    18 |       ||    18
       Scale mail        |       |    18 ||    18
Dodge: Dodged            |    61 |    30 ||    91

Table legend: (Time is in decaauts)
 A = Elapsed time spent in this place.
 B = Non-inter-level travel time spent in this place.
 C = Inter-level travel time spent in this place.
 D = Time resting spent in this place.
 E = Time spent auto-exploring this place.
 F = Levels seen in this place.
 G = Mean time per level.
                   A        B        C        D        E       F      G
               +--------+--------+--------+--------+--------+-----+--------+
         Total |   3780 |   3648 |    132 |      0 |   3103 |   5 |  756.0 |
       Dungeon |   3717 |   3585 |    132 |      0 |   3073 |   4 |  929.2 |
        Temple |     63 |     63 |      0 |      0 |     30 |   1 |   63.0 |
               +--------+--------+--------+--------+--------+-----+--------+

Top non-repeatable levels by time:
     D:4: 1084 daAuts
     D:2: 1074 daAuts
     D:3: 855 daAuts
     D:1: 702 daAuts
  Temple: 63 daAuts
